 Dungeon Crawl Stone Soup version 0.29.1-14-g9c671dbff4 (webtiles) character file.

Game seed: 10752975557201977248

684 sankara the Chopper (level 7, -2/62 HPs)
             Began as a Minotaur Fighter on Feb 12, 2023.
             Was an Initiate of Ru.
             Slain by an iguana (5 damage)
             ... on level 5 of the Dungeon.
             The game lasted 00:08:46 (3772 turns).

sankara the Chopper (Minotaur Fighter)              Turns: 3772, Time: 00:08:47

Health: -2/62      AC: 11    Str: 20    XL:     7   Next: 35%
Magic:  6/6        EV:  7    Int:  5    God:    Ru [......]
Gold:   367        SH:  5    Dex: 12    Spells: 6/6 levels left

rFire   . . .      SeeInvis .   a - +0 war axe
rCold   . . .      Faith    .   c - +0 buckler
rNeg    . . .      Spirit   .   e - +0 chain mail
rPois   .          Reflect  .   (helmet restricted)
rElec   .          Harm     .   (no cloak)
rCorr   .          Rampage  .   (no gloves)
Will    .....                   m - +0 pair of boots
Stlth   ..........              B - amulet of magic regeneration
HPRegen 0.20/turn               (no ring)
MPRegen 0.50/turn               (no ring)

@: studying Hexes
A: horns 2, retaliatory headbutt
a: Renounce Religion


You were on level 5 of the Dungeon.
You worshipped Ru.
Ru was noncommittal.
You visited 2 branches of the dungeon, and saw 6 of its levels.
You also visited: Sewer.

You collected 367 gold pieces.

Inventory:

Hand Weapons
 a - a +0 war axe (weapon)
 j - a +2 dagger of speed
 n - a +4 dagger
Missiles
 h - 6 poisoned darts (quivered)
 l - 4 boomerangs
 p - 6 atropa-tipped darts
Armour
 c - a +0 buckler (worn)
 e - a +0 chain mail (worn)
 m - a +0 pair of boots (worn)
 E - a +0 troll leather armour {Pargi}
Jewellery
 y - a ring of fire
 B - an amulet of magic regeneration (around neck)
 G - a +4 ring of slaying
Wands
 x - a wand of flame (48)
Scrolls
 b - 2 scrolls of magic mapping {unknown}
 f - a scroll of noise {unknown}
 i - 6 scrolls of identify {unknown}
 k - a scroll of immolation {unknown}
 o - a scroll of teleportation {unknown}
 r - 2 scrolls of butterflies {unknown}
 s - 2 scrolls of enchant weapon {unknown}
 t - a scroll of summoning {unknown}
 u - 4 scrolls of fear {unknown}
 v - a scroll of amnesia {unknown}
 A - a scroll of vulnerability {unknown}
 F - a scroll of blinking {unknown}
Potions
 d - 3 potions of might
 g - a potion of heal wounds {unknown}
 q - 3 potions of brilliance {unknown}
 w - 3 potions of degeneration {unknown}
 z - a potion of haste {unknown}
 C - 2 potions of curing {unknown}
 D - 2 potions of mutation {unknown}


   Skills:
 + Level 5.7 Fighting
 * Level 6.7 Axes
 + Level 5.6 Armour
 - Level 5.0 Shields
 + Level 1.0 Evocations


You had 6 spell levels left.
You didn't know any spells.
Your spell library contained the following spells:

 Spells                   Type           Power      Damage    Failure   Level
 Magic Dart               Conj           0%         1d3       99%         1
 Searing Ray              Conj           0%         2d4       100%        2
 Fulminant Prism          Conj/Hex       0%         3d6       100%        4
 Summon Forest            Summ/Tloc      0%         N/A       100%        5
 Eringya's Noxious Bog    Tmut/Pois      0%         N/A       100%        6
 Summon Hydra             Summ           0%         N/A       100%        7


Dungeon Overview and Level Annotations

Branches:
Dungeon (5/15)             Temple (1/1) D:4           Sewer (visited)

Altars:
Fedhas
Hepliaklqana
Kikubaaqudgha
Makhleb
Nemelex Xobeh
Ru
Trog
Vehumet
Xom
Zin


Innate Abilities, Weirdness & Mutations

You have a pair of horns on your head.
You reflexively headbutt those who attack you in melee.


Message History

You kill the gnoll!
You hit the gnoll.
You kill the gnoll!
You closely miss the gnoll. You closely miss the iguana.
You hit the iguana but do no damage. The iguana bites you.
You block the gnoll sergeant's attack.
The iguana bites you but does no damage.
The gnoll hits you but does no damage.
You are too injured to fight recklessly!
Unknown command.
You are too injured to fight recklessly!
Unknown command.
You are too injured to fight recklessly!
Unknown command.
You are too injured to fight recklessly!
Unknown command.
You are too injured to fight recklessly!
Unknown command.
You completely miss the gnoll.
The gnoll is heavily wounded.
You closely miss the iguana. You hit the iguana. The iguana bites you.
The gnoll sergeant hits you from afar with a +0 spear of flaming.
The gnoll sergeant burns you.
The iguana bites you but does no damage.
The gnoll hits you but does no damage.
The gnoll sergeant hits you but does no damage.
The iguana bites you!
* * * LOW HITPOINT WARNING * * *
The iguana bites you but does no damage.
The gnoll hits you with a +0 spear.
* * * LOW HITPOINT WARNING * * *
You slash the gnoll!
You kill the gnoll!
You hit the iguana. You hit the iguana but do no damage.
The iguana barely misses you. The iguana bites you.
* * * LOW HITPOINT WARNING * * *
The gnoll sergeant hits you but does no damage.
Your Evocations skill increases to level 1!
The iguana attacks as you move away! The iguana bites you.
You die...

#........# ##........###
## #........... ..
#..........# ### #.
#..........#......#####.
#.......g..##.# #....##.
#.....)))..##.# ###....
#....l@).###.# ##.>..#|
##...l....##.###..####.
#######...#.....## ##
#.#...<<.##
###.#......####
#########...#.........#
#.(.......#.#....#.##.####
#.........................
#..########.#.###.#######.


You could see a gnoll sergeant and 2 iguanas.

Vanquished Creatures
  Pargi (Sewer)
  An ogre (D:4)
  2 necrophages
  A scorpion (D:4)
  3 hounds (D:5)
  An iguana (D:4)
  5 gnolls (D:5)
  8 adders
  An ufetubus (D:4)
  3 worms
  A dart slug (D:1)
  10 ball pythons
  7 endoplasms
  10 giant cockroaches
  10 goblins
  7 hobgoblins
  8 kobolds
  5 quokkas
  4 bats
  3 frilled lizards
  2 rats (D:1)
93 creatures vanquished.

Notes
Turn   | Place    | Note
-------+----------+-------------------------------------------
     0 | D:1      | sankara the Minotaur Fighter began the quest for the Orb.
     0 | D:1      | Reached XP level 1. HP: 19/19 MP: 0/0
   164 | D:1      | Reached XP level 2. HP: 27/27 MP: 1/1
   167 | D:1      | Reached skill level 3 in Axes
   410 | D:1      | Reached XP level 3. HP: 29/33 MP: 2/2
  1202 | D:2      | Reached XP level 4. HP: 39/40 MP: 3/3
  1878 | D:4      | Noticed a necrophage
  1884 | D:4      | Killed a necrophage
  1885 | D:4      | Reached skill level 4 in Axes
  1964 | D:4      | Noticed a scorpion
  1967 | D:4      | Reached XP level 5. HP: 47/47 MP: 4/4
  2164 | D:4      | Reached skill level 5 in Axes
  2288 | D:4      | Noticed an ogre
  2295 | D:4      | Killed an ogre
  2296 | D:4      | Reached skill level 5 in Fighting
  2296 | D:4      | Reached skill level 5 in Shields
  2296 | D:4      | Reached XP level 6. HP: 31/56 MP: 5/5
  2624 | D:4      | Found a staircase to the Ecumenical Temple.
  2770 | Temple   | Entered the Ecumenical Temple
  2821 | Temple   | Became a worshipper of Ru the Awakened
  2864 | D:5      | Entered Level 5 of the Dungeon
  2864 | D:5      | Found a glowing drain.
  2872 | D:5      | Reached skill level 5 in Armour
  2891 | Sewer    | Entered a sewer
  3105 | Sewer    | Noticed Pargi
  3108 | Sewer    | Killed Pargi
  3109 | Sewer    | Reached skill level 6 in Axes
  3215 | D:5      | Reached XP level 7. HP: 28/61 MP: 6/6
  3401 | D:5      | Found a radiant altar of Vehumet.
  3546 | D:5      | Found a sparkling altar of Nemelex Xobeh.
  3670 | D:5      | Found a hazy altar of Hepliaklqana.
  3771 | D:5      | HP: 3/62 [iguana (4)]
  3772 | D:5      | Reached skill level 1 in Evocations
  3772 | D:5      | Slain by an iguana

Illustrated notes

Levels and vault maps discovered:
D:1:      dpeg_arrival_round_b, layout_loops_ring, minmay_misc_feat_room,
          minmay_hexomino_f4
D:2:      layout_basic
D:3:      layout_rooms, minmay_misc_feat_roman
D:4:      layout_loops_ring, minmay_temple_entry_enclosed_plants
D:5:      layout_rooms, nicolae_overflow_hidden_temple,
          nicolae_vehumet_altar_sigil, nemelex_diamond_rough_becter,
          gup_sewer_entry_glass, minivault_27
Temple:   nicolae_temple_ecumenical_triangle

Skill      XL: |  1  2  3  4  5  6  7 |
---------------+----------------------+-----
Axes           | 3 4 5 6 |  6.7
Armour         | 4 5 |  5.6
Shields        | 4 5 |  5.0
Fighting       | 4 5 |  5.7
Evocations     | 1 |  1.0

Action                   |  1- 3 |  4- 6 |  7- 9 || total
-------------------------+-------+-------+-------++-------
Melee: War axe           |    84 |    88 |    22 ||   194
       Headbutt          |     9 |    13 |     3 ||    25
Armor: Chain mail        |    45 |    36 |    23 ||   104
       Scale mail        |     1 |       |       ||     1
Dodge: Dodged            |    22 |    29 |    12 ||    63
Block: Buckler           |    16 |    22 |    12 ||    50
